 Dungeon Crawl Stone Soup version 0.17-a0-702-gb3a3556 (webtiles) character file.

737 oplop the Shield-Bearer (level 7, -2/96 HPs)
             Began as a Minotaur Fighter on Apr 18, 2015.
             Slain by a decayed bog body (13 damage)
             ... in an ossuary on Apr 19, 2015.
             The game lasted 00:06:36 (3018 turns).

oplop the Shield-Bearer (Minotaur Fighter)          Turns: 3018, Time: 00:06:36

Health: -2/96      AC: 23    Str: 20    XL:     7   Next: 46%
Magic:  6/6        EV:  2    Int:  5    God:
Gold:   101        SH: 10    Dex: 12    Spells: 0 memorised, 6 levels left

rFire  + . .     SeeInvis .     a - +0 long sword (curse)
rCold  + . .     Clarity  .     (armour currently unavailable)
rNeg   + + +     SustAb   .     c - +0 shield (curse)
rPois  +         Gourm    .     (helmet currently unavailable)
rElec  +         Spirit   .     (cloak currently unavailable)
rCorr  +         Warding  .     (gloves currently unavailable)
rMut   .         NoTele   +     (boots currently unavailable)
MR     .....                    (no amulet)
Stlth  +.........               (no ring)
                                (no ring)

@: tree-form, resistant (expiring), slowed, very slow, not resistant to hostile
enchantments, very unstealthy
A: (retaliatory headbutt), (horns 0)
a: no special abilities


You were in an ossuary.
You were not hungry.
You were a tree.
You visited 1 branch of the dungeon, and saw 4 of its levels.
You also visited: Ossuary.

You collected 101 gold pieces.

Inventory:

Hand weapons
 a - a cursed +0 long sword (weapon)
Missiles
 m - a throwing net (quivered)
Armour
 b - a cursed +0 scale mail (melded)
 c - a cursed +0 shield (worn)
 s - a cursed +0 pair of gloves (melded)
Jewellery
 q - an uncursed ring of stealth {unknown}
Magical devices
 u - a wand of frost (14)
 v - a wand of random effects (33)
 w - a wand of fireball (6)
Scrolls
 f - 2 scrolls of recharging {unknown}
 g - 4 scrolls of identify {unknown}
 i - 2 scrolls of noise {unknown}
 j - a scroll of fear {unknown}
 n - a scroll of enchant weapon {unknown}
 o - 3 scrolls of remove curse {unknown}
 p - 2 scrolls of magic mapping {unknown}
 r - a scroll of teleportation {unknown}
Potions
 k - a potion of curing {unknown}
 x - 2 potions of cancellation {unknown}
 z - a potion of mutation {unknown}
Comestibles
 d - 3 bread rations
 l - a meat ration
 t - 3 chunks of flesh


   Skills:
 + Level 6.8 Fighting
 + Level 5.9 Long Blades
 - Level 3.6 Armour
 + Level 6.9 Shields


You had 6 spell levels left.
You didn't know any spells.

Dungeon Overview and Level Annotations

Branches:
Dungeon (4/15)
 Temple: D:4-7

Altars:
Gozag
Nemelex Xobeh
Ru


Innate Abilities, Weirdness & Mutations

((You reflexively headbutt those who attack you in melee.))
((You have a pair of horns on your head.))


Message History

The decayed bog body gestures at you while chanting.
You feel yourself slow down.
There are monsters nearby!
You barely miss the decayed bog body. The decayed bog body hits you!
The decayed bog body closely misses you.
The decayed bog body hits you!!
* * * LOW HITPOINT WARNING * * *
The decayed bog body misses you.
You block the decayed bog body's attack.
The decayed bog body touches you but does no damage.
Drink which item? (? for menu, Esc to quit)
It was a potion of lignification.
You turn into a tree.
Your cursed +0 pair of gloves melds into your body.
Your cursed +0 scale mail melds into your body.
Your roots penetrate the ground.
You start to feel less resistant.
The decayed bog body hits you but does no damage.
The decayed bog body touches you but does no damage.
The decayed bog body hits you!
You die...

≈≈ ##≈ ### ##≈
≈≈≈≈ ##≈##≈≈##
≈#≈#≈≈##≈≈≈≈##≈#
≈.≈.#.≈P#P≈P#.≈#
##≈#≈Z.#n≈.#≈≈.#≈#
.≈.n.≈n....≈≈≈≈..#
≈#.##≈##≈##n##≈≈≈#
#.#♣n.# ≈ ###.∩.#
#∩..# #####


You could see 2 decayed bog bodies.

Vanquished Creatures
  Grinder (D:3)
  Sigmund (D:4)
  2 bog bodies (Ossuary)
  A giant frog zombie (Ossuary)
  An orc priest (D:4)
  A hound (D:4)
  An orc wizard (D:3)
  4 mummies
  A shadow imp (D:3)
  6 adders
  An ooze (D:3)
  A worm (D:4)
  A giant gecko (D:2)
  8 orcs
  A ball python (D:3)
  A bat zombie (Ossuary)
  5 giant cockroaches
  8 goblins
  6 hobgoblins (D:2)
  3 quokkas
  9 bats
  A giant gecko zombie (Ossuary)
  8 giant newts
  6 kobolds
  8 rats
86 creatures vanquished.

Notes
Turn   | Place    | Note
--------------------------------------------------------------
     0 | D:1      | oplop, the Minotaur Fighter, began the quest for the Orb.
     0 | D:1      | Reached XP level 1. HP: 19/19 MP: 0/0
   243 | D:1      | Reached XP level 2. HP: 27/27 MP: 1/1
   257 | D:1      | Reached skill level 4 in Fighting
   797 | D:2      | Reached XP level 3. HP: 33/33 MP: 2/2
  1173 | D:2      | Found a sparkling altar of Nemelex Xobeh.
  1174 | D:2      | Found an opulent altar of Gozag.
  1371 | D:3      | Upgraded the game from 0.17-a0-670-g5d95ebd to 0.17-a0-702-gb3a3556
  1410 | D:3      | Reached XP level 4. HP: 18/41 MP: 3/3
  1833 | D:3      | Noticed Grinder
  1846 | D:3      | Killed Grinder
  1846 | D:3      | Reached skill level 5 in Fighting
  1846 | D:3      | Reached skill level 5 in Shields
  1846 | D:3      | Reached XP level 5. HP: 15/50 MP: 4/4
  1846 | D:3      | Reached XP level 6. HP: 17/57 MP: 5/5
  2085 | D:3      | Found a sacrificial altar of Ru.
  2608 | D:4      | Reached skill level 5 in Long Blades
  2786 | D:4      | Noticed Sigmund
  2807 | D:4      | Reached skill level 6 in Fighting
  2811 | D:4      | Killed Sigmund
  2811 | D:4      | Reached XP level 7. HP: 38/64 MP: 6/6
  2950 | D:4      | Found a sand-covered staircase.
  2958 | Ossuary  | Entered an ossuary
  3018 | Ossuary  | Slain by a decayed bog body

Action                   |  1- 3 |  4- 6 |  7- 9 || total
-------------------------+-------+-------+-------++-------
Melee: Long sword        |   108 |    98 |    42 ||   248
  Use: Potion            |       |     2 |     2 ||     4
  Eat: Chunk             |     1 |     3 |       ||     4
       Meat ration       |       |     1 |       ||     1
